 Dungeon Crawl Stone Soup version 0.21.1-1-g345015f (webtiles) character file.

176 Lilu the Conjurer (level 5, -10/28 HPs)
             Began as a Deep Elf Conjurer on July 28, 2018.
             Killed by divine providence
             ... invoked by an orc priest
              (17 damage)
             ... on level 3 of the Dungeon.
             The game lasted 00:08:32 (2073 turns).

Lilu the Conjurer (Deep Elf Conjurer)               Turns: 2073, Time: 00:08:33

Health: -10/28     AC:  2    Str:  6    XL:     5   Next: 30%
Magic:  1/11       EV: 13    Int: 20    God:
Gold:   140        SH:  0    Dex: 15    Spells: 3/10 levels left

rFire    . . .     SeeInvis .   k - +1 mace (crush)
rCold    . . .     Gourm    .   (no shield)
rNeg     . . .     Faith    .   a - +0 robe
rPois    .         Spirit   .   (no helmet)
rElec    .         Reflect  .   (no cloak)
rCorr    .         Harm     .   (no gloves)
MR       .....                  (no boots)
Stlth    ++........             (no amulet)
HPRegen  0.09/turn              (no ring)
MPRegen  0.12/turn              (no ring)

@: no status effects
A: no striking features
a: no special abilities


You were on level 3 of the Dungeon.
You were not hungry.

You visited 1 branch of the dungeon, and saw 3 of its levels.

You collected 140 gold pieces.

Inventory:

Hand Weapons
 f - a +0 club
 k - a +1 mace of crushing (weapon)
Missiles
 q - a tomahawk of returning (quivered)
Armour
 a - a +0 robe (worn)
Jewellery
 p - an uncursed amulet of faith {unknown}
Scrolls
 d - 3 scrolls of fog {unknown}
 h - a scroll of amnesia {unknown}
 j - a scroll of teleportation {unknown}
 m - a scroll of random uselessness {unknown}
 o - a scroll of remove curse {unknown}
 r - 2 scrolls of immolation {unknown}
Potions
 e - a potion of resistance {unknown}
 g - a potion of might {unknown}
 i - 2 potions of heal wounds {unknown}
 l - a potion of haste {unknown}
Books
 b - a book of Conjurations

   Spells                             Type                      Level
   a - Magic Dart                     Conjuration                  1
   b - Searing Ray                    Conjuration                  2
   c - Dazzling Spray                 Conjuration/Hexes            3
   d - Fulminant Prism                Conjuration/Hexes            4
   e - Force Lance                    Conjuration/Translocation    4
   f - Iskenderun's Mystic Blast      Conjuration                  4
Comestibles
 c - 2 rations
 n - 2 chunks of flesh


   Skills:
 + Level 0.4 Fighting
 + Level 2.7 Dodging
 - Level 2.4 Stealth
 + Level 3.3 Spellcasting
 - Level 7.0 Conjurations


You had 3 spell levels left.
You knew the following spells:

 Your Spells              Type           Power        Failure   Level  Hunger
a - Magic Dart            Conj           ####         1%          1    None
b - Searing Ray           Conj           ####..       1%          2    ##.....
c - Iskenderun's Mystic   Conj           ####....     8%          4    ####...


Dungeon Overview and Level Annotations

Branches:
Dungeon (3/15)

Altars:
Fedhas
Kikubaaqudgha
Yredelemnul


Message History

Press: ? - help, Shift-Dir - straight line, f/p - orc priest
Aim: an orc priest, wielding a flail and wearing a ring mail (severely wounded)
The magic dart hits the orc priest.
The orc priest is severely wounded.
Casting: Magic Dart
Confirm with . or Enter, or press ? or * to list all spells.
You don't have enough magic to cast that spell.
Unknown command.
The orc shouts!
The orc priest hits you with a flail!
You barely miss the orc priest.
The orc priest is severely wounded.
The orc priest invokes the aid of Beogh against you.
Beogh smites you!
* * * LOW HITPOINT WARNING * * *
You are too injured to fight recklessly!
The orc priest mumbles some strange prayers to Beogh against you.
Beogh smites you!
Ouch! That really hurt!
You die...

.......
%..(###.
....## #
.....
#.....
########..o
#@.o..o)...
#.#########
#....#
#........
#.P.P....
#.._..##.
#.P.P.#
#.....#
#######


You could see an orc priest and an orc.

Vanquished Creatures
  An orc priest (D:2)
  An orc wizard (D:2)
  3 adders
  3 oozes
  3 worms (D:2)
  3 dart slugs
  A leopard gecko (D:1)
  6 orcs
  6 bats
  3 giant cockroaches
  9 goblins
  3 hobgoblins
  3 frilled lizards (D:2)
  5 kobolds
  8 rats
58 creatures vanquished.

Notes
Turn   | Place    | Note
-------+----------+-------------------------------------------
     0 | D:1      | Lilu the Deep Elf Conjurer began the quest for the Orb.
     0 | D:1      | Reached XP level 1. HP: 10/10 MP: 6/6
    78 | D:1      | Reached skill level 5 in Conjurations
    78 | D:1      | Reached XP level 2. HP: 14/15 MP: 1/8
   811 | D:2      | Reached XP level 3. HP: 19/19 MP: 5/9
   815 | D:2      | Learned a level 2 spell: Searing Ray
  1064 | D:2      | Found a faded altar of an unknown god.
  1091 | D:2      | Found a blossoming altar of Fedhas.
  1091 | D:2      | Found an ancient bone altar of Kikubaaqudgha.
  1108 | D:2      | Reached skill level 6 in Conjurations
  1108 | D:2      | Reached XP level 4. HP: 20/24 MP: 5/10
  1451 | D:2      | Reached skill level 7 in Conjurations
  1451 | D:2      | Reached XP level 5. HP: 28/28 MP: 2/11
  1462 | D:2      | Learned a level 4 spell: Iskenderun's Mystic Blast
  1987 | D:3      | Found a basalt altar of Yredelemnul.
  2073 | D:3      | Killed from afar by an orc priest

Skill      XL: |  1  2  3  4 |
---------------+-------------+-----
Conjurations   | 5 6 7 |  7.0
Fighting       | |  0.4
Dodging        | |  2.7
Stealth        | |  2.4
Spellcasting   | |  3.3

Action                   |  1- 3 |  4- 6 || total
-------------------------+-------+-------++-------
Melee: Club              |     7 |       ||     7
       Unarmed           |     2 |       ||     2
       Mace              |     7 |    14 ||    21
Throw: Tomahawk          |       |    18 ||    18
 Cast: Magic Dart        |    43 |    40 ||    83
       Searing Ray       |     1 |     5 ||     6
 Stab: Sleeping          |     2 |       ||     2
  Eat: Chunk             |       |     4 ||     4
Armor: Robe              |     5 |     5 ||    10
Dodge: Dodged            |    14 |    18 ||    32
